 Dungeon Crawl Stone Soup version 0.21-a0-2-ge494091 (webtiles) character file.

431 nikopol the Skirmisher (level 7, -3/66 HPs)
             Began as a Gargoyle Berserker on May 21, 2017.
             Was a Priest of Trog.
             Slain by a phantom (7 damage)
             ... on level 4 of the Dungeon.
             The game lasted 00:06:41 (3266 turns).

nikopol the Skirmisher (Gargoyle Berserker)         Turns: 3266, Time: 00:06:42

Health: -3/66      AC: 11    Str: 25    XL:     7   Next: 0%
Magic:  7/7        EV: 12    Int:  8    God:    Trog [***...]
Gold:   141        SH:  0    Dex: 11    Spells: 6/6 levels left

rFire    . . .     SeeInvis .   a - +0 hand axe
rCold    . . .     Gourm    .   (no shield)
rNeg     + . .     Faith    .   e - +0 ring mail
rPois    ∞         Spirit   .   p - +0 helmet
rElec    +         Reflect  .   (no cloak)
rCorr    .         Harm     .   (no gloves)
MR       .....                  (no boots)
Stlth    ..........             (no amulet)
Regen    0.3/turn               (no ring)
MPRegen  0.1/turn               (no ring)

@: berserking, very quick
A: negative energy resistance 1, electricity resistance, unbreathing,
petrification resistance, rot immunity, AC +4
a: Berserk, Trog's Hand, Burn Spellbooks, Renounce Religion


You were on level 4 of the Dungeon.
You worshipped Trog.
Trog was most pleased with you.
You were hungry.

You visited 1 branch of the dungeon, and saw 4 of its levels.

You collected 141 gold pieces.

Inventory:

Hand Weapons
 a - a +0 hand axe (weapon)
Missiles
 j - 20 arrows (quivered)
Armour
 b - a +0 animal skin
 e - a +0 ring mail (worn)
 p - a +0 helmet (worn)
Scrolls
 f - 6 scrolls of identify {unknown}
 i - 2 scrolls of teleportation {unknown}
 n - a scroll of recharging {unknown}
 o - a scroll of enchant weapon {unknown}
Potions
 k - 2 potions of curing {unknown}
 l - a potion of might {unknown}
 m - a potion of haste {unknown}
Comestibles
 c - 3 bread rations
 d - 3 chunks of flesh
 g - a royal jelly
 h - a meat ration


   Skills:
 + Level 5.2 Fighting
 + Level 4.0 Axes
 + Level 4.2 Armour
 + Level 3.2 Dodging


You had 6 spell levels left.
You didn't know any spells.

Dungeon Overview and Level Annotations

Branches:
Dungeon (4/15)
 Temple: D:4-7

Altars:
Gozag
Makhleb
Nemelex Xobeh
Okawaru
Vehumet


Innate Abilities, Weirdness & Mutations

You are resistant to torment.
Your stone body is resilient. (AC +4)
You are immune to poison.
You resist negative energy. (rN+)
You are resistant to electric shocks. (rElec)
You can survive without breathing.
You are immune to petrification.
You are immune to rotting.


Message History

You slash the phantom!
The phantom is moderately damaged.
The phantom hits you!
* * * LOW HITPOINT WARNING * * *
A red film seems to cover your vision as you go berserk!
You feel yourself moving faster!
You feel mighty!
You are feeling hungry.
The phantom closely misses you.
You slash the phantom!
The phantom is heavily damaged.
The phantom closely misses you.
You closely miss the phantom.
The phantom is heavily damaged.
The phantom hits you but does no damage.
You hit the phantom.
The phantom is severely damaged.
You slash the phantom!
The phantom is almost destroyed.
The phantom hits you!
You die...

#........ #........
####........ #...........
#........... #...........
#....W...... #...@.......
#...###+##########
######...###..........#
#..).)...+....#######.#
##.###...####.#<......####
#.# #...# #....#.####....
#.# ##### #..............
#.# #.####.####.... #.#
#....# # #....


You could see a phantom.

Vanquished Creatures
  The ghost of inmateoo the Insei, an amateur OpTm of Cheibriados (D:4)
  A crimson imp (D:3)
  An orc priest (D:4)
  A centaur skeleton (D:3)
  2 orc wizards
  Robin (D:4)
  6 adders
  2 worms
  3 dart slugs
  5 leopard geckos
  11 orcs
  2 ball pythons
  A giant cockroach (D:3)
  17 goblins
  12 hobgoblins
  8 kobolds
  2 quokkas
  7 bats
  A frilled lizard (D:1)
  A leopard gecko skeleton (D:4)
  7 rats
92 creatures vanquished.

Notes
Turn   | Place    | Note
-------+----------+-------------------------------------------
     0 | D:1      | nikopol the Gargoyle Berserker began the quest for the Orb.
     0 | D:1      | Reached XP level 1. HP: 14/14 MP: 1/1
   286 | D:1      | Reached XP level 2. HP: 19/19 MP: 2/2
   532 | D:1      | Reached XP level 3. HP: 22/24 MP: 3/3
   810 | D:1      | Reached ** piety under Trog
   975 | D:1      | Reached skill level 4 in Fighting
  1356 | D:2      | Found an opulent altar of Gozag.
  1361 | D:2      | Reached XP level 4. HP: 29/29 MP: 4/4
  1362 | D:2      | Found a sparkling altar of Nemelex Xobeh.
  1437 | D:2      | Found a burning altar of Makhleb.
  1437 | D:2      | Found a radiant altar of Vehumet.
  2266 | D:3      | Reached XP level 5. HP: 34/34 MP: 5/5
  2578 | D:3      | Reached XP level 6. HP: 40/40 MP: 6/6
  2593 | D:3      | Found an iron altar of Okawaru.
  2793 | D:3      | Reached *** piety under Trog
  2842 | D:4      | Noticed inmateoo's ghost (amateur OpTm)
  2852 | D:4      | Killed inmateoo's ghost
  2852 | D:4      | Reached skill level 5 in Fighting
  3189 | D:4      | Noticed Robin
  3222 | D:4      | Killed Robin
  3225 | D:4      | Reached XP level 7. HP: 23/44 MP: 7/7
  3261 | D:4      | HP: 2/44 [phantom (7)]
  3266 | D:4      | Slain by a phantom

Vault maps used:
D:1:      elethiomel_arrival_quiet
D:2:      gammafunk_temple_overflow_elements, grunt_temple_overflow_opulence
D:3:      lemuel_coloured_pillars_altar, first_bread
D:4:      grunt_ministairs_6, uniq_robin

Skill      XL: |  1  2  3  4  5  6 |
---------------+-------------------+-----
Dodging        | 2 3 |  3.2
Axes           | 3 4 |  4.0
Fighting       | 4 5 |  5.2
Armour         | 3 4 |  4.2

Action                   |  1- 3 |  4- 6 |  7- 9 || total
-------------------------+-------+-------+-------++-------
Melee: Hand axe          |   112 |   228 |    11 ||   351
Invok: Berserk           |       |     1 |     1 ||     2
  Eat: Chunk             |     2 |     6 |     1 ||     9
Armor: Animal skin       |    17 |       |       ||    17
       Ring mail         |    23 |   102 |     1 ||   126
Dodge: Dodged            |    74 |   113 |     3 ||   190
